 Dungeon Crawl Stone Soup version 0.30-a0-137-gd8773701ce (webtiles) character file.

Game seed: 7335325820198597409

244 IdlyInterested the Grave Robber (level 5, -1/41 HPs)
             Began as a Demonspawn Wanderer on Sept 20, 2022.
             Slain by an orc
             ... wielding a +0 dagger
              (4 damage)
             ... on level 3 of the Dungeon on Sept 21, 2022.
             The game lasted 00:14:51 (3548 turns).

IdlyInterested the Grave Robber (DsWn)              Turns: 3548, Time: 00:14:52

Health: -1/41      AC:  9    Str: 12    XL:     5   Next: 83%
Magic:  16/17      EV: 11    Int: 17    God:
Gold:   153        SH:  0    Dex: 15    Spells: 8/9 levels left

rFire   + + .      SeeInvis .      - Unarmed
rCold   . . .      Faith    .    (no shield)
rNeg    + . .      Spirit   .    a - +3 ring mail "Ceob" {rF++ Dex+4}
rPois   .          Reflect  .    (no helmet)
rElec   .          Harm     .    j - +0 cloak
rCorr   .          Rampage  .    (no gloves)
Will    .....                    (no boots)
Stlth   +.........               (no amulet)
HPRegen 0.13/turn                m - ring of positive energy
MPRegen 0.30/turn                o - ring of magical power

@: no status effects
A: magic regeneration, demonic touch 2
a: no special abilities


You were on level 3 of the Dungeon.
You visited 1 branch of the dungeon, and saw 3 of its levels.

You collected 153 gold pieces.

Inventory:

Hand Weapons
 i - a +0 short sword
Missiles
 r - 2 javelins
Armour
 a - the +3 ring mail "Ceob" (worn) {rF++ Dex+4}
   (You found it on level 2 of the Dungeon)

   Dex:       It affects your dexterity (+4).
   rF:        It greatly protects you from fire.
 j - a +0 cloak (worn)
Jewellery
 m - a ring of positive energy (left hand)
 o - a ring of magical power (right hand)
Scrolls
 c - a scroll of poison
 n - 3 scrolls of identify {unknown}
 p - a scroll of amnesia {unknown}
 q - a scroll of magic mapping {unknown}
Potions
 b - a potion of attraction
 e - a potion of lignification {unknown}
 f - a potion of mutation {unknown}
 g - a potion of magic {unknown}
 h - a potion of haste
 k - 2 potions of curing {unknown}
 l - a potion of heal wounds {unknown}
Miscellaneous
 d - a piece from Xom's chessboard (11/15) (quivered)


   Skills:
 - Level 3.0 Fighting
 - Level 2.0 Dodging
 * Level 2.5 Unarmed Combat
 * Level 2.6 Spellcasting
 - Level 1.0 Hexes
 - Level 5.4 Necromancy
 - Level 3.0 Evocations


You had 8 spell levels left.
You knew the following spells:

 Your Spells              Type           Power      Damage    Failure   Level
a - Necrotise             Necr           80%        1d8       4%          1

Your spell library contained the following spells:

 Spells                   Type           Power      Damage    Failure   Level
 Sublimation of Blood     Necr           20%        N/A       7%          2
 Slow                     Hex            20%        N/A       28%         1
 Animate Dead             Necr           20%        N/A       41%         4
 Portal Projectile        Hex/Tloc       6%         N/A       71%         3


Dungeon Overview and Level Annotations

Branches:
Dungeon (3/15)

Altars:
Cheibriados
Hepliaklqana


Innate Abilities, Weirdness & Mutations

You regenerate magic rapidly.
Your touch may inflict irresistible damage on your foes.


Message History

The gnoll hits your gnoll skeleton with a +0 flail!
Your gnoll skeleton is destroyed!
You hit the ogre.
The ogre is lightly wounded.
Your orc skeleton hits the gnoll but does no damage.
The gnoll hits you but does no damage.
The orc hits your orc skeleton with a +0 dagger.
The gnoll hits you from afar with a +0 spear.
You hit the ogre.
You touch the ogre.
The ogre is heavily wounded.
The ogre completely misses you.
Your orc skeleton barely misses the gnoll.
The gnoll hits you from afar with a +0 spear.
The orc hits your orc skeleton with a +0 dagger.
The gnoll misses you. The gnoll closely misses you.
You hit the ogre.
You touch the ogre!
You kill the ogre!
The gnoll hits you from afar with a +0 spear.
* * * LOW HITPOINT WARNING * * *
The gnoll hits you from afar with a +0 spear.
* * * LOW HITPOINT WARNING * * *
The gnoll hits you with a +0 flail.
* * * LOW HITPOINT WARNING * * *
Your orc skeleton closely misses the orc.
Your piece from Xom's chessboard (11/15) has regained two charges.
Training target 2.0 for Dodging reached!
Your Dodging skill increases to level 2!
Your Unarmed Combat skill increases to level 2!
You closely miss the gnoll. Your touch misses the gnoll.
The gnoll is lightly wounded.
The gnoll barely misses you. The gnoll misses you.
The gnoll hits you with a +0 flail.
* * * LOW HITPOINT WARNING * * *
The orc hits you with a +0 dagger.
* * * LOW HITPOINT WARNING * * *
You hit the gnoll.
The gnoll is moderately wounded.
Your orc skeleton hits the orc but does no damage.
The orc hits you with a +0 dagger.
You die...

#############
#8..8#.......
+....gZ....).
+....@og.....
#....#.g.....
#....#######+ #....#
#....# #....#
########''''####
................
≈~~≈~~~≈~~~~....~~~~


You could see 3 gnolls, an orc (ally target) and a friendly orc skeleton.

Vanquished Creatures
  An ogre (D:3)
  7 gnolls
  4 adders (D:2)
  A worm (D:2)
  An orc (D:3)
  2 ball pythons
  5 endoplasms
  3 giant cockroaches
  2 goblins
  5 hobgoblins
  5 jackals (D:3)
  4 kobolds
  3 quokkas
  4 bats
  5 frilled lizards
  4 rats
56 creatures vanquished.

Vanquished Creatures (collateral kills)
  A kobold (D:2)
1 creature vanquished.

Vanquished Creatures (others)
  2 plants (D:3)
2 creatures vanquished.

Grand Total: 59 creatures vanquished

Notes
Turn   | Place    | Note
-------+----------+-------------------------------------------
     0 | D:1      | IdlyInterested the Demonspawn Wanderer began the quest for
                  | the Orb.
     0 | D:1      | IdlyInterested set off with the following items: a +0 club,
                  | a potion of attraction, a +0 robe, a piece from Xom's
                  | chessboard (15/15); and the following spells available to
                  | memorise: Necrotise, Sublimation of Blood, Slow, Animate
                  | Dead, Portal Projectile.
     0 | D:1      | Reached XP level 1. HP: 13/13 MP: 2/2
     2 | D:1      | Learned a level 1 spell: Necrotise
   344 | D:1      | Reached skill level 1 in Fighting
   356 | D:1      | Found a faded altar of an unknown god.
   593 | D:1      | Gained mutation: Your touch may inflict minor irresistible
                  | damage on your foes. [demonic ancestry]
   593 | D:1      | Reached XP level 2. HP: 19/21 MP: 3/3
   628 | D:1      | You fall into a shaft and drop 1 floor!
  1057 | D:1      | Reached skill level 1 in Dodging
  1255 | D:1      | Upgraded the game from 0.30-a0-135-g630cfc4551 to
                  | 0.30-a0-137-gd8773701ce
  1296 | D:1      | Reached XP level 3. HP: 27/27 MP: 4/4
  2021 | D:2      | Reached skill level 1 in Unarmed Combat
  2034 | D:2      | Gained mutation: You regenerate magic rapidly. [demonic
                  | ancestry]
  2034 | D:2      | Reached XP level 4. HP: 11/34 MP: 2/6
  2064 | D:2      | Identified the +3 ring mail "Ceob" {rF++ Dex+4}
  3059 | D:3      | Found a hazy altar of Hepliaklqana.
  3071 | D:3      | Found a snail-covered altar of Cheibriados.
  3306 | D:3      | Gained mutation: Your touch may inflict irresistible damage
                  | on your foes. [demonic ancestry]
  3306 | D:3      | Reached XP level 5. HP: 24/40 MP: 7/7
  3520 | D:3      | Noticed an ogre
  3546 | D:3      | Killed an ogre
  3548 | D:3      | Slain by an orc

Illustrated notes

Levels and vault maps discovered:
D:1:      mrwooster_arrival_statue_3, layout_loops_corners,
          shapermc_ecumenical_altar_totnotflames
D:2:      layout_loops_cross
D:3:      lemuel_castle_with_subvaults [lemuel_castle_interior_carwin_2],
          layout_basic, nicolae_overflow_hidden_temple, lemuel_crystal_altar

Skill      XL: |  1  2  3  4  5 |
---------------+----------------+-----
Fighting       | 1 2 3 |  3.0
Dodging        | 1 2 |  2.0
Unarmed Combat | 1 2 |  2.5
Spellcasting   | 2 |  2.6
Hexes          | |  1.0
Necromancy     | |  5.4
Evocations     | |  3.0

Action                   |  1- 3 |  4- 6 || total
-------------------------+-------+-------++-------
Melee: Club              |    26 |       ||    26
       Unarmed           |    64 |    92 ||   156
       Touch             |    16 |    20 ||    36
       Punch             |       |     2 ||     2
 Cast: Necrotise         |    10 |    10 ||    20
Evoke: Piece from Xom's  |    11 |     1 ||    12
  Use: Scroll            |     5 |     1 ||     6
       Potion            |     1 |       ||     1
 Stab: Petrified         |    20 |       ||    20
       Sleeping          |     2 |       ||     2
       Petrifying        |     1 |       ||     1
Armor: Robe              |    12 |       ||    12
       Leather armour    |    24 |       ||    24
       Ring mail         |       |    53 ||    53
Dodge: Dodged            |    43 |    49 ||    92

Table legend: (Time is in decaauts)
 A = Elapsed time spent in this place.
 B = Non-inter-level travel time spent in this place.
 C = Inter-level travel time spent in this place.
 D = Time resting spent in this place.
 E = Time spent auto-exploring this place.
 F = Levels seen in this place.
 G = Mean time per level.
                   A        B        C        D        E       F      G
               +--------+--------+--------+--------+--------+-----+--------+
         Total |   3533 |   3186 |    347 |    906 |   1684 |   3 | 1177.7 |
       Dungeon |   3533 |   3186 |    347 |    906 |   1684 |   3 | 1177.7 |
               +--------+--------+--------+--------+--------+-----+--------+

Top non-repeatable levels by time:
     D:1: 1812 daAuts
     D:2: 1212 daAuts
     D:3: 508 daAuts
